 Dungeon Crawl Stone Soup version 0.17-a0-1760-ga6756ae (webtiles) character file.

101 Psiweapon the Bolt Thrower (level 5, -5/27 HPs)
             Began as a Kobold Hunter on Sept 3, 2015.
             Slain by a river rat (8 damage)
             ... on level 3 of the Dungeon.
             The game lasted 00:07:43 (1940 turns).

Psiweapon the Bolt Thrower (Kobold Hunter)          Turns: 1940, Time: 00:07:43

Health: -5/27      AC:  5    Str: 11    XL:     5   Next: 4%
Magic:  5/5        EV: 13    Int: 11    God:
Gold:   95         SH:  0    Dex: 17    Spells: 0 memorised, 4 levels left

rFire  . . .     SeeInvis .     g - +4 dagger
rCold  . . .     Clarity  .     r - +2 ring mail {MR+}
rNeg   . . .     SustAt   .     (shield restricted)
rPois  .         Gourm    .     (no helmet)
rElec  .         Spirit   .     (no cloak)
rCorr  .         Warding  .     (no gloves)
rMut   .         Stasis   .     n - +0 pair of boots
MR     ++...                    (no amulet)
Stlth  +.........               (no ring)
                                f - ring of protection from magic

@: lethally poisoned (-5 -> -19), very resistant to hostile enchantments, very
unstealthy
A: carnivore 3, clever 1, deformed body, frail 1
a: no special abilities


You were on level 3 of the Dungeon.
You were very full.

You visited 1 branch of the dungeon, and saw 3 of its levels.

You collected 95 gold pieces.

Inventory:

Hand weapons
 a - a +1 hand crossbow
 c - a +0 short sword
 g - a +4 dagger (weapon)
 o - a +1 dagger of protection
 v - a +1 trident of venom
Missiles
 b - 33 bolts
Armour
 d - a +0 leather armour
 n - a +0 pair of boots (worn)
 r - a +2 ring mail of magic resistance (worn)
Jewellery
 f - a ring of protection from magic (left hand)
Magical devices
 q - a wand of slowing (13)
Scrolls
 h - a scroll of fog {unknown}
 j - 3 scrolls of identify {unknown}
 k - 2 scrolls of remove curse {unknown}
 l - 2 scrolls of fear {unknown}
 m - 4 scrolls of enchant armour {unknown}
 p - 4 scrolls of teleportation {unknown}
 x - a scroll of blinking {unknown}
Potions
 t - a potion of brilliance {unknown}
 u - a potion of might {unknown}
 w - a potion of poison
Comestibles
 e - 2 meat rations
 i - a slice of pizza
 s - 10 chunks of flesh


   Skills:
 - Level 2.1 Fighting
 - Level 2.5 Short Blades
 + Level 6.1 Crossbows
 + Level 1.3 Armour
 - Level 2.4 Dodging
 - Level 1.3 Stealth


You had 4 spell levels left.
You didn't know any spells.

Dungeon Overview and Level Annotations

Branches:
Dungeon (3/15)

Altars:


Innate Abilities, Weirdness & Mutations

You are small and have problems with some larger weapons.
You are carnivorous and can eat meat at any time.
Your mind is acute. (Int +2)
Armour fits poorly on your strangely shaped body.
You are frail (-10% HP).


Message History

Your unstable footing causes you to fumble your attack.
The river rat barely misses you.
Your unstable footing causes you to fumble your attack.
The river rat closely misses you.
You closely miss the river rat.
The river rat is severely wounded.
The river rat bites you.
* * * LOW HITPOINT WARNING * * *
Your unstable footing causes you to fumble your attack.
The river rat bites you.
* * * LOW HITPOINT WARNING * * *
Your unstable footing causes you to fumble your attack.
The river rat barely misses you.
Drink which item? (? for menu, Esc to quit)
It was a potion of poison.
That liquid tasted very nasty...
You are lethally poisoned!
* * * LOW HITPOINT WARNING * * *
You feel sick. The river rat bites you!
You die...

..... ##8.8## ....
.# ....## ##'###
#.#.## .. >...#
#..(.###.#..#..
#........# .#.#
#........##.#.#
#........#...[#
###########......#
##.≈≈≈≈≈.####.....#
#≈#######@#.......#
#≈# #r###)....# #≈#
#≈##......# #≈#
#.#..#....# #≈#
#≈#.......## #≈#
#≈####.....# #†#
#≈# #.....# . #.##
.## #.#..##
#.##.########
#.#.##


You could see a river rat.

Vanquished Creatures
  Terence (D:3)
  2 adders (D:2)
  An ooze (D:2)
  A worm (D:2)
  2 giant cockroaches
  4 goblins
  6 hobgoblins
  5 jackals
  3 bats
  2 giant geckos
  3 giant newts
  6 kobolds
  15 rats
51 creatures vanquished.

Notes
Turn   | Place    | Note
--------------------------------------------------------------
     0 | D:1      | Psiweapon the Kobold Hunter began the quest for the Orb.
     0 | D:1      | Reached XP level 1. HP: 12/12 MP: 1/1
   177 | D:1      | Reached skill level 5 in Crossbows
   181 | D:1      | Reached skill level 1 in Short Blades
   295 | D:1      | Reached XP level 2. HP: 17/17 MP: 2/2
   863 | D:1      | Reached XP level 3. HP: 21/21 MP: 3/3
  1445 | D:2      | Reached XP level 4. HP: 26/26 MP: 4/4
  1694 | D:3      | Noticed Terence
  1701 | D:3      | Killed Terence
  1701 | D:3      | Reached skill level 6 in Crossbows
  1701 | D:3      | Reached skill level 1 in Armour
  1716 | D:3      | Gained mutation: Your mind is acute. (Int +2) [potion of mutation]
  1716 | D:3      | Gained mutation: Armour fits poorly on your strangely shaped body. [potion of mutation]
  1716 | D:3      | Gained mutation: You are frail (-10% HP). [potion of mutation]
  1773 | D:3      | Found a faded altar to an unknown god.
  1839 | D:3      | Reached XP level 5. HP: 27/27 MP: 5/5
  1940 | D:3      | Slain by a river rat

Vault maps used:
D:1:      minmay_arrival_jagged
D:2:      minmay_close_crescents
D:3:      minmay_goblin_kobold_castle, evilmike_ruin_ashenzari,
          gup_sewer_entry_spiral, first_bread, ecumenical_altar_2,
          dk_noncrumbling_4, uniq_terence

Action                   |  1- 3 |  4- 6 || total
-------------------------+-------+-------++-------
Melee: Dagger            |    32 |    33 ||    65
 Fire: Hand crossbow     |    52 |    21 ||    73
Evoke: Wand              |       |     1 ||     1
  Use: Potion            |     1 |     4 ||     5
 Stab: Sleeping          |     1 |     1 ||     2
  Eat: Chunk             |    10 |       ||    10
